 Dungeon Crawl Stone Soup version 0.28-a0-909-g796cbd3a86 (webtiles) character file.

Game seed: 15012098013351212771

91 ytrimaz the Insei (level 4, -4/28 HPs)
             Began as an Octopode Transmuter on Nov 24, 2021.
             Was a Follower of Makhleb.
             Killed from afar by Natasha (8 damage)
             ... with a magic dart
             ... on level 2 of the Dungeon.
             The game lasted 00:02:33 (2241 turns).

ytrimaz the Insei (Octopode Transmuter)             Turns: 2241, Time: 00:02:34

Health: -4/28      AC:  1    Str:  9    XL:     4   Next: 57%
Magic:  6/7        EV: 13    Int: 16    God:    Makhleb [*.....]
Gold:   43         SH:  0    Dex: 12    Spells: 3/7 levels left

rFire   . . .      SeeInvis .     - Unarmed
rCold   . . .      Faith    .   (no shield)
rNeg    . . .      Spirit   .   (helmet currently unavailable)
rPois   .          Reflect  .   (no amulet)
rElec   .          Harm     .   (no ring)
rCorr   .          Rampage  .   (no ring)
Will    .....                   (no ring)
Stlth   ++........              (no ring)
HPRegen 0.09/turn               (no ring)
MPRegen 0.10/turn               (no ring)
                                (no ring)
                                (no ring)

@: appendages
A: tentacle spike 3, almost no armour, amphibious, 8 rings, camouflage 1,
gelatinous body 1, (nimble swimmer 1), tentacles
a: End Transformation, Renounce Religion


You were on level 2 of the Dungeon.
You worshipped Makhleb.
Makhleb was aware of your devotion.
One of your tentacles had grown a beastly spike.
You visited 1 branch of the dungeon, and saw 2 of its levels.

You collected 43 gold pieces.

Inventory:

Missiles
 b - 33 poisoned darts
Scrolls
 d - a scroll of identify {unknown}
Potions
 a - a potion of curing
 c - 2 potions of degeneration {unknown}


   Skills:
 + Level 1.1 Fighting
 + Level 2.6 Dodging
 + Level 4.3 Unarmed Combat
 + Level 2.4 Spellcasting
 + Level 2.4 Transmutations


You had 3 spell levels left.
You knew the following spells:

 Your Spells              Type           Power      Damage    Failure   Level
a - Beastly Appendage     Tmut           18%        N/A       8%          1
b - Spider Form           Tmut/Pois      5%         N/A       36%         3

Your spell library contained the following spells:

 Spells                   Type           Power      Damage    Failure   Level
 Wereblood                Tmut           9%         N/A       11%         2
 Ice Form                 Ice/Tmut       5%         N/A       77%         4


Dungeon Overview and Level Annotations

Branches:
Dungeon (2/15)

Altars:
Makhleb

Annotations:
D:2 Natasha


Innate Abilities, Weirdness & Mutations

One of your tentacles has grown a beastly spike.
You cannot wear most types of armour.
You are amphibious.
You can wear up to eight rings at the same time.
Your skin changes colour to match your surroundings (Stealth+).
Your rubbery body absorbs attacks. (AC +1, EV +1)
((You are camouflaged near water. (Stealth+)))
You have tentacles for arms and can constrict up to eight enemies at once.


Message History

The ball python hisses angrily.
One of your tentacles grows a vicious spike.
The ball python bites you. The ball python grabs you.
The ball python constricts you.
You tentacle-slap the ball python.
You kill the ball python!
Makhleb accepts your kill.
You see here a ball python corpse.
Unknown command.
Magic restored.
Your tentacle spike disappears.
A goblin comes into view. It is wielding a +0 dagger.
A goblin is nearby!
A goblin is nearby!
The goblin shouts!
You hear an angry hiss.
One of your tentacles grows a vicious spike.
The goblin misses you.
You tentacle-slap the goblin but do no damage.
You grab the goblin.
You pierce the goblin.
The goblin is heavily wounded.
You constrict the goblin.
You kill the goblin!
Makhleb accepts your kill.
Natasha, Servant of Life and Death comes into view.
She is carrying a wand of flame (5).
Natasha stares at you and mumbles some strange words.
You resist with some effort.
You see here a +0 dagger.
Natasha zaps a wand.
The puff of flame hits you!
Natasha is nearby!
Natasha claws you.
You miss Natasha. Your grab misses Natasha. You squeeze Natasha!
Natasha is heavily wounded.
Natasha zaps a wand.
The puff of flame hits you!
* * * LOW HITPOINT WARNING * * *
You barely miss Natasha. Your grab misses Natasha.
Your tentacle spike misses Natasha.
Natasha is heavily wounded.
Natasha stares at you and mumbles some strange words.
The magic dart hits you!
You die...

#.. ... ...##.....#.#
...#............#
...#............#
...#............#
................##
#..#.............
#..........(..#.########
................@h......
##.#.#####....#)########
#)###..........#
##.###..........#######
......................#
.......########.#####.#
.......## #.......#
........#############.#
.............# #†#


You could see Natasha.

Vanquished Creatures
  Natasha (twice) (D:2)
  3 ball pythons
  4 bats (D:1)
  2 endoplasms (D:1)
  4 giant cockroaches
  4 goblins
  3 hobgoblins
  6 jackals (D:1)
  A kobold (D:2)
  A quokka (D:1)
  2 frilled lizards (D:1)
  2 rats (D:1)
34 creatures vanquished.

Notes
Turn   | Place    | Note
-------+----------+-------------------------------------------
     0 | D:1      | ytrimaz the Octopode Transmuter began the quest for the
                  | Orb.
     0 | D:1      | Reached XP level 1. HP: 13/13 MP: 3/3
   258 | D:1      | Reached XP level 2. HP: 10/18 MP: 5/5
   977 | D:1      | Reached XP level 3. HP: 14/23 MP: 6/6
  1338 | D:1      | Learned a level 3 spell: Spider Form
  1435 | D:1      | Found a faded altar of an unknown god.
  1807 | D:1      | Prayed at the altar of an unknown god.
  1807 | D:1      | Became a worshipper of Makhleb the Destroyer
  1807 | D:1      | Reached * piety under Makhleb
  1861 | D:2      | Noticed Natasha
  1870 | D:2      | Killed Natasha
  1871 | D:2      | Reached skill level 4 in Unarmed Combat
  1871 | D:2      | Reached XP level 4. HP: 14/28 MP: 7/7
  2051 | D:2      | Noticed Natasha
  2059 | D:2      | Killed Natasha
  2237 | D:2      | Noticed Natasha
  2241 | D:2      | Killed from afar by Natasha

Illustrated notes

Levels and vault maps discovered:
D:1:      evilmike_arrival_rings, layout_basic,
          hellmonk_ecumenical_altar_leap_of_faith
D:2:      layout_basic, serial_park_tiny_2, uniq_natasha

Skill      XL: |  1  2  3 |
---------------+----------+-----
Unarmed Combat | 4 |  4.3
Fighting       | |  1.1
Dodging        | |  2.6
Spellcasting   | |  2.4
Transmutations | |  2.4

Action                   |  1- 3 |  4- 6 || total
-------------------------+-------+-------++-------
Melee: Unarmed           |    73 |    17 ||    90
       Constrict         |    18 |     5 ||    23
       Tentacles         |    13 |     3 ||    16
       Punch             |     2 |       ||     2
       Kick              |     4 |     2 ||     6
 Cast: Beastly Appendage |     4 |     3 ||     7
  Use: Potion            |     1 |       ||     1
       Scroll            |     1 |       ||     1
 Stab: Sleeping          |     5 |       ||     5
Armor: Skin              |     8 |       ||     8
Dodge: Dodged            |    59 |     6 ||    65

Table legend: (Time is in decaauts)
 A = Elapsed time spent in this place.
 B = Non-inter-level travel time spent in this place.
 C = Inter-level travel time spent in this place.
 D = Time resting spent in this place.
 E = Time spent auto-exploring this place.
 F = Levels seen in this place.
 G = Mean time per level.
                   A        B        C        D        E       F      G
               +--------+--------+--------+--------+--------+-----+--------+
         Total |   2235 |   2115 |    120 |    430 |   1338 |   2 | 1117.5 |
       Dungeon |   2235 |   2115 |    120 |    430 |   1338 |   2 | 1117.5 |
               +--------+--------+--------+--------+--------+-----+--------+

Top non-repeatable levels by time:
     D:1: 1856 daAuts
     D:2: 378 daAuts
